 Dungeon Crawl Stone Soup version 0.20.0-15-g7f486f2 (webtiles) character file.

140 greprep the Ruffian (level 5, -11/42 (46) HPs)
             Began as a Ghoul Monk on June 25, 2017.
             Mangled by a gnoll
             ... wielding a +0 halberd
              (15 damage)
             ... on level 2 of the Dungeon.
             The game lasted 00:05:39 (2829 turns).

greprep the Ruffian (Ghoul Monk)                    Turns: 2829, Time: 00:05:39

HP:   -11/42 (46)   AC:  5    Str: 16    XL:     5   Next: 22%
MP:   4/4           EV: 13    Int:  5    God:
Gold: 101           SH:  0    Dex: 11    Spells: 4/4 levels left

rFire    . . .     SeeInvis .     - Unarmed
rCold    + . .     Gourm    .   (no shield)
rNeg     + + +     Faith    .   a - +0 robe
rPois    ∞         Spirit   .   (no helmet)
rElec    .         Reflect  .   k - +1 cloak
rCorr    .         Harm     .   (no gloves)
MR       .....                  g - +0 pair of boots
Stlth    ++........             (no amulet)
Regen    0.0/turn               (no ring)
MPRegen  0.1/turn               (no ring)

@: rotting
A: rotting body, claws 1, carnivore 3, cold resistance 1, negative energy
resistance 3, inhibited regeneration, torment resistance, unbreathing
a: no special abilities


You were on level 2 of the Dungeon.
You were not hungry.

You visited 1 branch of the dungeon, and saw 3 of its levels.

You collected 101 gold pieces.

Inventory:

Armour
 a - a +0 robe (worn)
 g - a +0 pair of boots (worn)
 k - a +1 cloak (worn)
Scrolls
 c - a scroll of enchant armour {unknown}
 d - a scroll of magic mapping {unknown}
 f - 2 scrolls of remove curse {unknown}
 h - a scroll of fog {unknown}
 i - 3 scrolls of identify {unknown}
 l - a scroll of amnesia {unknown}
Potions
 e - a potion of degeneration {unknown}
 j - a potion of might {unknown}
 m - 2 potions of curing {unknown}
 o - a potion of ambrosia {unknown}
 p - a potion of lignification {unknown}
 q - 2 potions of invisibility {unknown}
Comestibles
 b - 2 meat rations
 n - a royal jelly


   Skills:
 + Level 3.7 Fighting
 * Level 1.7 Armour
 + Level 3.4 Dodging
 - Level 2.1 Stealth
 + Level 4.7 Unarmed Combat


You had 4 spell levels left.
You didn't know any spells.

Dungeon Overview and Level Annotations

Branches:
Dungeon (3/15)

Altars:

Annotations:
D:3 sankara's ghost, amateur DrTm


Innate Abilities, Weirdness & Mutations

Your body is rotting away.
You thrive on raw meat.
You are immune to poison.
You have sharp fingernails.
You are carnivorous and can eat meat at any time.
Your flesh is cold resistant. (rC+)
You are immune to negative energy. (rN+++)
You do not regenerate when monsters are visible.
You are immune to unholy pain and torment.
You can survive without breathing.


Message History

You kill the gnoll!
The gnoll barely misses you. The gnoll barely misses you.
The gnoll hits you with a halberd.
Things that are here:
a whip; a gnoll corpse The gnoll barely misses you.
You scratch the gnoll.
The gnoll is moderately wounded.
The gnoll closely misses you.
You scratch the gnoll.
The gnoll is severely wounded.
The gnoll misses you.
You scratch the gnoll.
The gnoll is severely wounded.
The gnoll hits you from afar with a halberd!
There is a stone staircase leading up here.
The gnoll hits you with a flail!
* * * LOW HITPOINT WARNING * * *
The gnoll hits you from afar with a halberd!
You die...

########.......#........
##...#...................
##........................
#.........................
#.........................
#..........[.............#
##.......................#
####.....#........<.........#
###........ggg@.....>........##
#..........######.....#.....##.
#.........(# ###.#####.....÷
#..........# #.####......÷
#..........#### #.#....##.###
#..).......>..#####...####..# #
#..........##........#####..# #
#..........#######..........# #
#########..#######..#####.#.###


You could see 3 gnolls.

Vanquished Creatures
  Crazy Yiuf (D:2)
  A gnoll (D:2)
  3 adders
  A worm (D:3)
  A dart slug (D:1)
  2 leopard geckos
  A giant cockroach (D:2)
  4 goblins
  17 hobgoblins
  9 jackals
  2 quokkas
  A ball python (D:1)
  11 bats
  A frilled lizard (D:2)
  3 kobolds
  7 rats
65 creatures vanquished.

Vanquished Creatures (others)
  A dart slug (D:1)
  3 jackals (D:1)
4 creatures vanquished.

Grand Total: 69 creatures vanquished

Notes
Turn   | Place    | Note
-------+----------+-------------------------------------------
     0 | D:1      | greprep the Ghoul Monk began the quest for the Orb.
     0 | D:1      | Reached XP level 1. HP: 19/19 MP: 0/0
   405 | D:1      | Reached XP level 2. HP: 23/26 MP: 1/1
   494 | D:1      | Reached skill level 1 in Armour
   686 | D:1      | Reached XP level 3. HP: 31/31 MP: 2/2
  1038 | D:2      | Reached skill level 4 in Unarmed Combat
  1182 | D:2      | Reached XP level 4. HP: 30/40 MP: 3/3
  1280 | D:2      | Found a runed door.
  1379 | D:2      | Noticed Crazy Yiuf
  1393 | D:2      | Killed Crazy Yiuf
  1686 | D:3      | Reached XP level 5. HP: 38/45 MP: 4/4
  1805 | D:3      | Noticed sankara's ghost (amateur DrTm)
  2829 | D:2      | Mangled by a gnoll

Skill      XL: |  1  2  3 |
---------------+----------+-----
Armour         | 1 |  1.7
Dodging        | 3 |  3.4
Unarmed Combat | 4 |  4.7
Fighting       | |  3.7
Stealth        | |  2.1

Action                   |  1- 3 |  4- 6 || total
-------------------------+-------+-------++-------
Melee: Unarmed           |   127 |    99 ||   226
       Punch             |       |     1 ||     1
 Stab: Sleeping          |     5 |     1 ||     6
       Distracted        |     1 |       ||     1
  Eat: Chunk             |    15 |     7 ||    22
Armor: Robe              |    31 |     8 ||    39
Dodge: Dodged            |   106 |    52 ||   158
